 Dungeon Crawl Stone Soup version 0.21.0-3-g78d12a8 (webtiles) character file.

463 grindst0ne the Skirmisher (level 6, -3/56 HPs)
             Began as a Demonspawn Chaos Knight on Jan 12, 2018.
             Killed from afar by a ynoxinul (27 damage)
             ... with an iron shot
             ... summoned by Xom
             ... on level 4 of the Dungeon.
             The game lasted 00:04:26 (3162 turns).

grindst0ne the Skirmisher (Demonspawn Chaos Knight) Turns: 3162, Time: 00:04:27

Health: -3/56      AC:  7    Str: 14    XL:     6   Next: 79%
Magic:  6/6        EV: 11    Int: 13    God:    Xom [......]
Gold:   151        SH:  6    Dex: 13    Spells: 5/5 levels left

rFire    . . .     SeeInvis .   a - +0 hand axe (chaos)
rCold    . . .     Gourm    .   (no shield)
rNeg     + . .     Faith    .   o - +3 leather armour
rPois    .         Spirit   .   f - +0 helmet
rElec    .         Reflect  .   (no cloak)
rCorr    .         Harm     .   (no gloves)
MR       .....                  (no boots)
Stlth    +.........             (no amulet)
HPRegen  0.18/turn              g - ring of positive energy
MPRegen  0.10/turn              (no ring)

@: no status effects
A: claws 2, large bone plates 2
a: Renounce Religion


You were on level 4 of the Dungeon.
You worshipped Xom.
You were a very special plaything of Xom.
You were not hungry.

You visited 1 branch of the dungeon, and saw 4 of its levels.

You collected 151 gold pieces.

Inventory:

Hand Weapons
 a - a +0 hand axe of chaos (weapon)
Armour
 f - a +0 helmet (worn)
 o - a +3 leather armour (worn)
Jewellery
 g - a ring of positive energy (left claw)
Scrolls
 i - a scroll of enchant weapon {unknown}
 j - a scroll of amnesia {unknown}
 n - a scroll of random uselessness {unknown}
 p - a scroll of immolation {unknown}
 q - a scroll of blinking {unknown}
 r - a scroll of fog {unknown}
Potions
 h - a potion of curing
 l - a potion of magic {unknown}
Comestibles
 c - 3 rations


   Skills:
 + Level 7.8 Fighting
 - Level 2.6 Axes
 - Level 1.7 Armour
 - Level 0.8 Dodging


You had 5 spell levels left.
You didn't know any spells.

Dungeon Overview and Level Annotations

Branches:
Dungeon (4/15)
 Temple: D:4-7

Altars:
Kikubaaqudgha


Innate Abilities, Weirdness & Mutations

You have very sharp fingernails.
You are mostly covered in large bone plates. (SH +6)


Message History

You are too injured to fight recklessly!
You are too injured to fight recklessly!
A quokka comes into view.
You slash appiemonkey's ghost!
You destroy appiemonkey's ghost!
Your Fighting skill increases to level 7!
You block the quokka's attack.
You slash the quokka! You freeze the quokka.
You kill the quokka!
You start resting.
You feel a little less mighty now.
You start resting.
You start resting. "Fight to survive, mortal."
There are monsters nearby!
There are monsters nearby!
The chaos spawn hits you. The chaos spawn shocks you!
The ynoxinul gestures at you. The iron shot hits you!
You die...

###..
#######...#
.........
....... #....###
#.....# #
#.).#.###....
#..4......#
#<5@.........
#...##.$#####
.....)..3.......
.#.....#####.###
...##### .# ..
.# # ..


You could see a ynoxinul, a chaos spawn and a quasit.

Vanquished Creatures
  The ghost of appiemonkey the Cudgeler, an amateur GrMo (D:4)
  An ogre (D:4)
  Robin (D:3)
  3 gnolls (D:2)
  8 adders
  2 oozes (D:2)
  2 dart slugs
  2 leopard geckos
  2 orcs (D:3)
  14 bats
  2 giant cockroaches
  12 hobgoblins
  2 jackals (D:1)
  2 quokkas
  A ball python (D:3)
  2 frilled lizards
  11 goblins
  6 kobolds
  10 rats
84 creatures vanquished.

Vanquished Creatures (others)
  A goblin (D:3)
  A hobgoblin (D:3)
2 creatures vanquished.

Grand Total: 86 creatures vanquished

Notes
Turn   | Place    | Note
-------+----------+-------------------------------------------
     0 | D:1      | grindst0ne the Demonspawn Chaos Knight began the quest for the Orb.
     0 | D:1      | Reached XP level 1. HP: 18/18 MP: 1/1
    70 | D:1      | XOM: smoke on damage
    73 | D:1      | Gained mutation: You are partially covered in large bone plates. (SH +4) [demonic ancestry]
    73 | D:1      | Reached XP level 2. HP: 11/24 MP: 2/2
   172 | D:1      | XOM: divination: detect creatures
   255 | D:1      | XOM: harmless Ice miscast
   290 | D:1      | Reached skill level 4 in Fighting
   402 | D:1      | XOM: divination: detect items
   446 | D:1      | XOM: silly message
   632 | D:1      | Reached XP level 3. HP: 28/30 MP: 3/3
   785 | D:1      | XOM: silly message
   988 | D:2      | Found an ancient bone altar of Kikubaaqudgha.
  1164 | D:2      | XOM: harmless Tloc miscast
  1203 | D:2      | XOM: smoke on damage
  1208 | D:2      | HP: 1/31 [poisoned by an adder]
  1399 | D:2      | XOM: divination: detect items
  1422 | D:2      | Gained mutation: You are mostly covered in large bone plates. (SH +6) [demonic ancestry]
  1422 | D:2      | Reached XP level 4. HP: 25/38 MP: 4/4
  1425 | D:2      | XOM: cast spell 'Summon Butterflies'
  1429 | D:2      | Reached skill level 5 in Fighting
  1692 | D:2      | XOM: enchant monster (good)
  1936 | D:3      | Noticed Robin
  1941 | D:3      | Killed Robin
  1988 | D:3      | Gained mutation: You have sharp fingernails. [demonic ancestry]
  1988 | D:3      | Reached XP level 5. HP: 37/46 MP: 5/5
  2104 | D:3      | Reached skill level 6 in Fighting
  2292 | D:3      | XOM: god gift: 36 gold pieces
  2822 | D:4      | Noticed an ogre
  2836 | D:4      | Killed an ogre
  2836 | D:4      | Gained mutation: You have very sharp fingernails. [demonic ancestry]
  2836 | D:4      | Reached XP level 6. HP: 17/53 MP: 6/6
  2890 | D:4      | Noticed appiemonkey's ghost (amateur GrMo)
  3058 | D:4      | XOM: silly message
  3069 | D:4      | Killed appiemonkey's ghost
  3069 | D:4      | Reached skill level 7 in Fighting
  3161 | D:4      | XOM: summons 3 hostile demons
  3162 | D:4      | Noticed a chaos spawn
  3162 | D:4      | Noticed a ynoxinul
  3162 | D:4      | Killed from afar by a ynoxinul

Skill      XL: |  1  2  3  4  5  6 |
---------------+-------------------+-----
Fighting       | 4 5 6 7 |  7.8
Axes           | |  2.6
Armour         | |  1.7
Dodging        | |  0.8

Action                   |  1- 3 |  4- 6 || total
-------------------------+-------+-------++-------
Melee: Hand axe          |   100 |   139 ||   239
  Use: Potion            |     1 |     1 ||     2
       Scroll            |       |     3 ||     3
 Stab: Petrifying        |     1 |       ||     1
       Petrified         |     1 |       ||     1
       Confused          |       |     1 ||     1
       Paralysed         |       |     2 ||     2
  Eat: Chunk             |     1 |     6 ||     7
Armor: Leather armour    |    56 |    46 ||   102
Dodge: Dodged            |    74 |    65 ||   139
Block: Other             |    18 |    42 ||    60
